 Dungeon Crawl Stone Soup version 0.30-a0-242-g7bf8e6d787 (webtiles) character file.

Game seed: 18085575114124443866

8379 themarg the Cleaver (level 11, -1/95 HPs)
             Began as a Minotaur Monk on Oct 12, 2022.
             Was a High Priest of Nemelex Xobeh.
             Slain by a manticore (16 damage)
             ... on level 11 of the Dungeon.
             The game lasted 00:39:27 (9762 turns).

themarg the Cleaver (Minotaur Monk)                 Turns: 9762, Time: 00:39:28

Health: -1/95      AC:  9    Str: 19    XL:     11   Next: 9%
Magic:  15/15      EV: 15    Int:  7    God:    Nemelex Xobeh [*****.]
Gold:   697        SH:  0    Dex: 14    Spells: 10/10 levels left

rFire   . . .      SeeInvis +    K - +3 woodcutter's axe {vorpal}
rCold   . . .      Faith    +    (shield currently unavailable)
rNeg    . . .      Spirit   .    q - +0 scale mail
rPois   .          Reflect  .    (helmet restricted)
rElec   .          Harm     .    s - +0 cloak
rCorr   .          Rampage  .    k - +0 pair of gloves
Will    .....                    H - +0 pair of boots
Stlth   +.........               u - amulet of faith
HPRegen 0.35/turn                v - ring of see invisible
MPRegen 0.14/turn                z - +4 ring of evasion

@: spiked
A: horns 2, retaliatory headbutt, low MP 1
a: Renounce Religion, Draw Escape, Draw Destruction, Draw Summoning, Triple
Draw, Deal Four, Stack Five


You were on level 11 of the Dungeon.
You worshipped Nemelex Xobeh.
Nemelex Xobeh was extremely pleased with you.
You visited 1 branch of the dungeon, and saw 11 of its levels.
You also visited: Ossuary.

You collected 977 gold pieces.
You spent 280 gold pieces at shops.

Inventory:

Hand Weapons
 a - a +1 hand axe
 K - the +3 woodcutter's axe (weapon) {vorpal}
   (You found it on level 7 of the Dungeon)

   It inflicts extra damage upon your enemies.
Missiles
 h - 31 poisoned darts (quivered)
 j - 95 stones
 L - 2 boomerangs
Armour
 k - a +0 pair of gloves (worn)
 q - a +0 scale mail (worn)
 s - a +0 cloak (worn)
 w - a +0 kite shield
 D - a +0 plate armour
 H - a +0 pair of boots (worn)
 P - a +2 pair of gloves
Jewellery
 m - an amulet of regeneration
 n - a ring of flight
 u - an amulet of faith (around neck)
 v - a ring of see invisible (left hand)
 z - a +4 ring of evasion (right hand)
 G - a +4 ring of protection
Wands
 J - a wand of flame (23)
 R - a wand of charming (6)
 T - a wand of roots (5)
Scrolls
 b - a scroll of acquirement {unknown}
 d - 8 scrolls of teleportation
 e - 2 scrolls of enchant weapon
 g - 3 scrolls of enchant armour
 x - 3 scrolls of noise
 y - 3 scrolls of immolation
 A - 2 scrolls of amnesia {unknown}
 B - 2 scrolls of vulnerability
 C - a scroll of summoning {unknown}
 E - 2 scrolls of fear
 O - 3 scrolls of poison {unknown}
 Q - a scroll of fog {unknown}
 S - a scroll of blinking
 U - a scroll of silence {unknown}
Potions
 c - 3 potions of ambrosia
 f - 4 potions of mutation
 i - 18 potions of degeneration
 l - a potion of cancellation
 o - a potion of heal wounds
 p - 2 potions of might
 r - 4 potions of resistance
 t - 3 potions of lignification {unknown}
 F - 2 potions of curing
 I - 2 potions of berserk rage
 M - a potion of brilliance {unknown}
 N - a potion of magic {unknown}


   Skills:
 + Level 8.4 Fighting
 + Level 11.9 Axes
 - Level 5.0 Dodging
 - Level 3.0 Stealth
 + Level 9.7 Shields
 + Level 9.0 Invocations


You had 10 spell levels left.
You didn't know any spells.
Your spell library contained the following spells:

 Spells                   Type           Power      Damage    Failure   Level
 Magic Dart               Conj           0%         1d3       83%         1
 Summon Small Mammal      Summ           0%         N/A       83%         1
 Cigotuvi's Dreadful Rot  Necr/Pois/Air  0%         N/A       92%         2
 Ensorcelled Hibernation  Hex/Ice        0%         N/A       92%         2
 Searing Ray              Conj           0%         2d4       92%         2
 Call Canine Familiar     Summ           0%         N/A       99%         3
 Ozocubu's Armour         Ice            0%         N/A       99%         3
 Spider Form              Tmut/Pois      0%         N/A       99%         3
 Summon Guardian Golem    Hex/Summ       0%         N/A       99%         3
 Vhi's Electric Charge    Tloc/Air       0%         N/A       99%         3
 Anguish                  Hex/Necr       0%         N/A       100%        4
 Dispel Undead            Necr           0%         3d6       100%        4
 Fulminant Prism          Conj/Hex       0%         3d6       100%        4
 Arcjolt                  Conj/Air       0%         1d10      100%        5
 Death Channel            Necr           0%         N/A       100%        6
 Orb of Destruction       Conj           0%         9d5       100%        7
 Ozocubu's Refrigeration  Ice            0%         4d7       100%        7
 Spellforged Servitor     Conj/Summ      0%         N/A       100%        7
 Maxwell's Capacitive Co  Air            0%         ∞         100%        8


Dungeon Overview and Level Annotations

Branches:
Dungeon (11/15)            Temple (0/1) D:7         Ossuary (visited)
   Lair: D:8-11         Orc: D:9-12

Altars:
Elyvilon
Gozag
Kikubaaqudgha
Nemelex Xobeh
Qazlal
Sif Muna
Uskayaw
Wu Jian
Xom
Yredelemnul

Shops:
D:1 [   D:2 [   D:4 (?[?=   D:6 :   D:10 :

Annotations:
D:5 3 runed translucent doors, 2 transporters, exclusion: 3 doors, kd29's ghost, novice GnRe
D:7 exclusion: downstairs
D:10 exclusion: downstairs
D:11 exclusion: ugly thing


Innate Abilities, Weirdness & Mutations

You have a pair of horns on your head.
You reflexively headbutt those who attack you in melee.
Your magical capacity is low. (-10% MP)


Message History

The wavering orb of destruction weakly hits the cyan ugly thing!!
You blow up the cyan ugly thing!
Your Invocations skill increases to level 9!
You start resting.
Magic restored.
A manticore comes into view.
Things that are here:
a +0 dagger; a +0 robe; an orc corpse You start resting.
A manticore is nearby!
You draw a card...
You have drawn Vitriol.
Press: ? - help, Shift-Dir - straight line, f - manticore
Aim: a manticore The bolt of acid hits the manticore!!
The manticore is heavily wounded.
The manticore flicks its tail.
The volley of spikes misses you.
You draw a card...
You have drawn the Orb.
Press: ? - help, Shift-Dir - straight line, f/p - manticore
Aim: a manticore (heavily wounded)
Your orb of destruction hits a rock wall. x2
The manticore flicks its tail.
The volley of spikes hits you.
The barbed spikes become lodged in your body.
* * * LOW HITPOINT WARNING * * *
The barbs in your skin will harm you if you move.
Continue?
Okay, then.
Your orb of destruction hits a rock wall. x3
You slice the manticore!! Your headbutt misses the manticore.
The manticore is almost dead.
The manticore closely misses you. x2; The manticore claws you!
* * * LOW HITPOINT WARNING * * *
You barely miss the manticore.
The manticore is almost dead.
Your orb of destruction hits a rock wall.
The manticore bites you!
You die...
Your body glows slightly and disappears.

#.# #.......# #.. ###.#
##'###### ### #...#
#))# #.### ##)## #.#
#).# #'# #####'#### ##
#####
######○.......######...
....
....#..°.○...##.u<..#
.....
#..#@....○..#..#####
uo....#.)#H°....○.#.
......)..)..°...○.'.#
....H....#......○.###
...!.....##########
.......^.# ##########


You could see a manticore.

Vanquished Creatures
  An ugly thing (D:11)
  Joseph (D:7)
  2 kobold demonologists (D:9)
  Maggie (D:10)
  Psyche (D:9)
  2 hornets
  2 wyverns (D:8)
  16 yaks
  2 acid dragons
  2 water moccasins
  4 ice beasts
  3 orc warriors
  4 black bears
  An ogre (D:11)
  2 centaurs
  2 phantoms
  4 kobold brigands
  2 bullfrogs
  A necrophage (D:5)
  5 wights (D:9)
  3 howler monkeys (D:11)
  A crimson imp (D:5)
  A jelly (D:6)
  6 orc priests
  3 hounds
  4 iguanas
  4 orc wizards
  8 mummies (Ossuary)
  2 gnolls (D:10)
  5 adders
  3 white imps
  An ufetubus (D:5)
  A dart slug (D:2)
  42 orcs
  6 endoplasms
  6 giant cockroaches
  2 hobgoblins (D:1)
  5 quokkas
  10 ball pythons
  5 bats (D:1)
  3 frilled lizards (D:2)
  9 goblins
  A goblin skeleton (D:10)
  2 hobgoblin zombies (Ossuary)
  A jackal zombie (D:8)
  14 kobolds
  5 kobold zombies (Ossuary)
  An orc zombie (Ossuary)
  6 rats
218 creatures vanquished.

Vanquished Creatures (others)
  A human (D:10)
1 creature vanquished.

Grand Total: 219 creatures vanquished

Notes
Turn   | Place    | Note
-------+----------+-------------------------------------------
     0 | D:1      | themarg the Minotaur Monk began the quest for the Orb.
     0 | D:1      | Reached XP level 1. HP: 19/19 MP: 0/0
    77 | D:1      | Found a faded altar of an unknown god.
    77 | D:1      | Noticed a shining eye
    81 | D:1      | Noticed a shining eye
    91 | D:1      | Noticed a shining eye
    94 | D:1      | Noticed a shining eye
   140 | D:1      | Reached XP level 2. HP: 27/27 MP: 1/1
   151 | D:1      | Found Eplidithryw's Armour Emporium.
   330 | D:1      | Reached skill level 4 in Axes
   547 | D:2      | Reached XP level 3. HP: 33/33 MP: 2/2
   640 | D:2      | Found Enixtorch's Armour Shoppe.
  1045 | D:3      | Found an opulent altar of Gozag.
  1046 | D:3      | Found a sparkling altar of Nemelex Xobeh.
  1046 | D:3      | Found a hide-covered altar of Uskayaw.
  1048 | D:3      | Found a stormy altar of Qazlal.
  1050 | D:3      | Became a worshipper of Nemelex Xobeh the Trickster
  1050 | D:3      | Reached * piety under Nemelex Xobeh
  1050 | D:3      | Received a gift from Nemelex Xobeh
  1050 | D:3      | Reached ** piety under Nemelex Xobeh
  1153 | D:3      | Reached XP level 4. HP: 41/41 MP: 3/3
  1279 | D:3      | Received a gift from Nemelex Xobeh
  1573 | D:4      | Noticed a black bear
  1574 | D:4      | Killed a black bear
  1575 | D:4      | Reached skill level 5 in Fighting
  1575 | D:4      | Reached skill level 5 in Axes
  1575 | D:4      | Reached skill level 1 in Invocations
  1575 | D:4      | Reached XP level 5. HP: 48/48 MP: 3/5
  1661 | D:4      | Found Affoug's Jewellery Shoppe.
  1793 | D:4      | Found Egutig's Antique Weapon Shoppe.
  1824 | D:4      | Found Tieheero's Magic Scroll Shoppe.
  1834 | D:4      | Bought a scroll of teleportation for 30 gold pieces
  1877 | D:4      | Found Uffapt's Magic Scroll Shoppe.
  1887 | D:4      | Bought a scroll of identify for 20 gold pieces
  1887 | D:4      | Bought a scroll of blinking for 75 gold pieces
  1931 | D:4      | Found Tohauble's Antique Armour Emporium.
  1995 | D:4      | Noticed a centaur
  1995 | D:4      | Noticed a phantom
  2155 | D:4      | Killed a phantom
  2156 | D:4      | Reached skill level 1 in Shields
  2156 | D:4      | Reached XP level 6. HP: 56/56 MP: 6/6
  2318 | D:4      | Bought a scroll of identify for 20 gold pieces
  2318 | D:4      | Bought a scroll of identify for 20 gold pieces
  2318 | D:4      | Bought a scroll of magic mapping for 75 gold pieces
  2318 | D:4      | Bought a scroll of fear for 40 gold pieces
  2339 | D:5      | Entered Level 5 of the Dungeon
  2348 | D:5      | Reached skill level 6 in Axes
  2575 | D:5      | Found a runed translucent gate.
  2575 | D:5      | Found a runed translucent gate.
  2575 | D:5      | Found a runed translucent gate.
  2629 | D:5      | Noticed an ice beast
  2638 | D:5      | Killed an ice beast
  2639 | D:5      | Reached XP level 7. HP: 61/61 MP: 8/8
  2714 | D:5      | Found a shimmering altar of Xom.
  2734 | D:5      | Found an ancient bone altar of Kikubaaqudgha.
  2734 | D:5      | Found a shimmering blue altar of Sif Muna.
  2746 | D:5      | Found an ornate altar of the Wu Jian Council.
  2786 | D:5      | Reached skill level 7 in Axes
  2792 | D:5      | Found a transporter.
  2802 | D:5      | Reached *** piety under Nemelex Xobeh
  2838 | D:5      | Received a gift from Nemelex Xobeh
  3082 | D:5      | Found a transporter.
  3195 | D:5      | Noticed kd29's ghost (novice GnRe)
  3478 | D:6      | Found Fuguuduc's Book Emporium.
  3617 | D:6      | Reached skill level 8 in Axes
  3635 | D:6      | Found a white marble altar of Elyvilon.
  3853 | D:6      | Received a gift from Nemelex Xobeh
  3912 | D:6      | Reached XP level 8. HP: 57/68 MP: 10/10
  4040 | D:6      | Received a gift from Nemelex Xobeh
  4040 | D:6      | Reached **** piety under Nemelex Xobeh
  4429 | D:7      | Noticed a hornet
  4431 | D:7      | Killed a hornet
  4432 | D:7      | Reached skill level 9 in Axes
  4432 | D:7      | Reached skill level 5 in Shields
  4444 | D:7      | Found the +3 woodcutter's axe {vorpal}
  4520 | D:7      | Received a gift from Nemelex Xobeh
  4534 | D:7      | Found a staircase to the Ecumenical Temple.
  4598 | D:7      | Noticed Joseph
  4651 | D:7      | Killed Joseph
  4652 | D:7      | Reached skill level 10 in Axes
  4652 | D:7      | Reached skill level 5 in Invocations
  5290 | D:8      | a yak changed into a cane toad
  5290 | D:8      | Noticed a cane toad
  5290 | D:8      | a yak changed into a raiju
  5290 | D:8      | Noticed a raiju
  5291 | D:8      | a cane toad changed into a tengu
  5291 | D:8      | a raiju changed into a black mamba
  5291 | D:8      | Noticed a black mamba
  5492 | D:8      | Reached XP level 9. HP: 60/74 MP: 11/11
  5539 | D:8      | a black mamba changed into a black bear
  5576 | D:8      | Found a sand-covered staircase.
  5587 | Ossuary  | Entered an ossuary
  6052 | D:8      | Reached skill level 5 in Dodging
  6121 | D:8      | Received a gift from Nemelex Xobeh
  6625 | D:9      | Received a gift from Nemelex Xobeh
  6656 | D:9      | Identified the +2 robe of Orthodoxy {rPois Will+ rCorr
                  | Str+3}
  6950 | D:9      | Noticed Psyche
  6956 | D:9      | Killed Psyche
  6999 | D:9      | Noticed a kobold demonologist
  7298 | D:9      | Reached ***** piety under Nemelex Xobeh
  7365 | D:9      | Noticed a kobold demonologist
  7366 | D:9      | Gained mutation: Your magical capacity is low. (-10% MP) [a
                  | neqoxec]
  7368 | D:9      | Noticed a sun demon
  7368 | D:9      | Killed a kobold demonologist
  7368 | D:9      | Killed a kobold demonologist
  7369 | D:9      | Reached XP level 10. HP: 83/83 MP: 13/13
  7728 | D:10     | Entered Level 10 of the Dungeon
  7728 | D:10     | Found Ceghomap's Book Boutique.
  8016 | D:10     | Received a gift from Nemelex Xobeh
  8103 | D:10     | Found a runed translucent door.
  8104 | D:10     | Noticed Maggie
  8117 | D:10     | Killed Maggie
  8118 | D:10     | Reached skill level 11 in Axes
  8118 | D:10     | Found a basalt altar of Yredelemnul.
  9069 | D:11     | Noticed a cyan ugly thing
  9388 | D:11     | Received a gift from Nemelex Xobeh
  9470 | D:11     | Reached XP level 11. HP: 94/94 MP: 13/14
  9744 | D:11     | Killed a cyan ugly thing
  9762 | D:11     | Slain by a manticore

Illustrated notes

Levels and vault maps discovered:
D:1:      psy_arrival_statuary, layout_basic, serial_shops,
          nicolae_shop_advertising_works [nicolae_subvault_shop_adworks],
          hellmonk_ecumenical_altar_watching_god, serial_bayou_ford_a,
          amethyst_killhole, minmay_misc_feat_rows
D:2:      layout_rooms, serial_shops, nicolae_shop_waterfront
D:3:      layout_basic, grunt_temple_overflow_open, feat_on_display
D:4:      minmay_recursive_quarters, layout_rooms, serial_shops,
          nicolae_square_shop, nicolae_shop_stone, shop, nicolae_diamond_shop,
          shop_coins, minivault_19, grunt_ministairs_15
D:5:      gammafunk_cloud_chamber, layout_rooms,
          nicolae_overflow_quartered_altars, gammafunk_ghost_icy,
          minmay_fire_ice_demons
D:6:      layout_loops_corners, overflow_temple_1_default, serial_shops, shop
D:7:      layout_rooms, temple_green, grunt_ministairs_8, uniq_joseph
D:8:      layout_basic, enter_ossuary_3
D:9:      layout_stronghold, uniq_psyche
D:10:     layout_roguey, dk_yredelemnul_ordeal, enter_bailey_7, serial_shops,
          nicolae_stop_n_shop_1, uniq_maggie
D:11:     layout_roguey, david_lair_shrubbed, erik_orc_1

Skill      XL: |  1  2  3  4  5  6  7  8  9 10 11 |
---------------+----------------------------------+-----
Fighting       | 4 5 6 8 |  8.4
Axes           | 4 5 6 8 10 11 | 11.9
Stealth        | 2 3 |  3.0
Invocations    | 1 2 3 4 5 7 8 9 |  9.0
Shields        | 1 2 4 6 7 9 |  9.7
Dodging        | 5 |  5.0

Action                   |  1- 3 |  4- 6 |  7- 9 | 10-12 || total
-------------------------+-------+-------+-------+-------++-------
Melee: Hand axe          |    70 |   115 |   241 |       ||   426
       Headbutt          |    10 |    16 |    57 |    13 ||    96
       Punch             |     2 |     4 |       |       ||     6
       Battleaxe         |       |       |    14 |   104 ||   118
Invok: Draw Destruction  |       |     2 |    14 |     9 ||    25
       Draw Escape       |       |       |     2 |     1 ||     3
       Triple Draw       |       |       |     1 |       ||     1
       Deal Four         |       |       |     1 |       ||     1
  Use: Scroll            |       |     5 |     8 |     2 ||    15
       Potion            |       |       |     2 |       ||     2
 Stab: Sleeping          |     4 |       |       |       ||     4
       Distracted        |     1 |       |       |       ||     1
Armor: Robe              |     9 |       |       |       ||     9
       Leather armour    |     8 |    11 |       |       ||    19
       Scale mail        |       |    32 |    82 |    25 ||   139
Dodge: Dodged            |    45 |    62 |   114 |    70 ||   291
Block: Kite shield       |       |       |    69 |       ||    69

Table legend: (Time is in decaauts)
 A = Elapsed time spent in this place.
 B = Non-inter-level travel time spent in this place.
 C = Inter-level travel time spent in this place.
 D = Time resting spent in this place.
 E = Time spent auto-exploring this place.
 F = Levels seen in this place.
 G = Mean time per level.
                   A        B        C        D        E       F      G
               +--------+--------+--------+--------+--------+-----+--------+
         Total |   9761 |   9401 |    360 |   1008 |   6449 |  12 |  813.4 |
       Dungeon |   9388 |   9028 |    360 |    925 |   6280 |  11 |  853.5 |
       Ossuary |    372 |    372 |      0 |     83 |    169 |   1 |  372.0 |
               +--------+--------+--------+--------+--------+-----+--------+

Top non-repeatable levels by time:
    D:10: 1394 daAuts
     D:9: 1135 daAuts
     D:5: 1057 daAuts
     D:7: 1050 daAuts
     D:6: 1015 daAuts
     D:4: 747 daAuts
     D:8: 740 daAuts
    D:11: 640 daAuts
     D:3: 600 daAuts
     D:1: 544 daAuts
     D:2: 461 daAuts
 Ossuary: 372 daAuts
